 Dungeon Crawl Stone Soup version 0.23.0 (webtiles) character file.

Game seed: 754463036765769124

1654 Folque the Digger (level 8, -2/63 HPs)
             Began as a White Draconian Earth Elementalist on Feb 9, 2019.
             Was a Believer of Sif Muna.
             Slain by a sky beast (6 damage)
             ... on level 7 of the Dungeon.
             The game lasted 00:30:30 (8092 turns).

Folque the Digger (DrEE)                            Turns: 8092, Time: 00:30:31

Health: -2/63      AC:  7    Str: 12    XL:     8   Next: 68%
Magic:  12/15      EV: 13    Int: 17    God:    Sif Muna [**....]
Gold:   145        SH:  0    Dex: 11    Spells: 2/17 levels left

rFire    . . .     SeeInvis .   r - +3 short sword (elec)
rCold    + . .     Gourm    .   (no shield)
rNeg     . . .     Faith    .   (armour unavailable)
rPois    .         Spirit   .   (helmet restricted)
rElec    .         Reflect  .   v - +0 cloak
rCorr    .         Harm     .   (no gloves)
MR       .....                  (no boots)
Stlth    ++........             (no amulet)
HPRegen  0.20/turn              (no ring)
MPRegen  0.14/turn              (no ring)

@: berserk cooldown, slowed, very slow
A: breathe frost, unfitting armour, cold resistance 1, cold-blooded, AC +6
a: Breathe Frost, Divine Energy, Renounce Religion


You were on level 7 of the Dungeon.
You worshipped Sif Muna.
Sif Muna was pleased with you.
You were hungry.

You visited 2 branches of the dungeon, and saw 8 of its levels.

You collected 181 gold pieces.
You spent 36 gold pieces at shops.

Inventory:

Hand Weapons
 e - a +0 dagger
 g - a +2 hand axe of draining
 p - a +0 rapier
 r - a +3 short sword of electrocution (weapon)
Missiles
 b - 175 stones (quivered)
 d - 8 needles of confusion
Armour
 v - a +0 cloak (worn)
Wands
 t - a wand of polymorph (6)
Scrolls
 a - 2 scrolls of fog
 i - a scroll of remove curse
 j - a scroll of fear {unknown}
 k - 3 scrolls of identify
 m - a scroll of enchant weapon
 o - a scroll of enchant armour {unknown}
 q - a scroll of teleportation
 s - 2 scrolls of amnesia {unknown}
 u - a scroll of immolation {unknown}
Potions
 h - a potion of cancellation
 l - a potion of ambrosia
Comestibles
 c - 7 rations
 n - a chunk of flesh


   Skills:
 + Level 3.1 Fighting
 + Level 3.4 Dodging
 * Level 3.3 Stealth
 - Level 5.0 Spellcasting
 - Level 2.0 Conjurations
 - Level 3.1 Transmutations
 * Level 7.7 Earth Magic


You had 2 spell levels left.
You knew the following spells:

 Your Spells              Type           Power        Failure   Level  Hunger
a - Sandblast             Erth           ####..       1%          1    None
b - Passwall              Tmut/Erth      ###.....     2%          2    #......
c - Stone Arrow           Conj/Erth      ###...       5%          3    ###....
d - Lee's Rapid Deconstr  Erth           ####......   16%         5    ######.
e - Petrify               Tmut/Erth      ###.....     16%         4    ####...

Your spell library contained the following spells:

 Spells                   Type           Power        Failure   Level  Hunger


Dungeon Overview and Level Annotations

Branches:
Dungeon (7/15)             Temple (1/1) D:4

Altars:
Ashenzari
Dithmenos
Elyvilon
Fedhas
Gozag
Hepliaklqana
Kikubaaqudgha
Makhleb
Okawaru
Qazlal
Ru
Sif Muna
Trog
Uskayaw
Vehumet
Xom
Yredelemnul
Zin
The Shining One

Shops:
D:4 ?!   D:6 !*   D:7 !

Annotations:
D:7 Dowan, Duvessa


Innate Abilities, Weirdness & Mutations

You can breathe waves of freezing cold.
You can buffet flying creatures when you breathe cold.
Your icy white scales are hard. (AC +6)
You cannot fit into any form of body armour.
Your flesh is cold resistant. (rC+)
You are cold-blooded and may be slowed by cold attacks.


Message History

The sky beast is severely wounded.
You have got your breath back.
The sky beast hits you but does no damage.
You puncture the sky beast!
The sky beast is almost dead.
The sky beast flickers out of sight!
Deactivating autopickup; reactivate with Ctrl-A.
Something hits you.
* * * LOW HITPOINT WARNING * * *
Something shocks you.
* * * LOW HITPOINT WARNING * * *
Dowan points at something and mumbles some strange words.
Something barely misses you.
You miss something.
Duvessa zaps a wand.
The puff of flame hits you.
* * * LOW HITPOINT WARNING * * *
Something hits you but does no damage.
Duvessa zaps a wand.
The puff of flame misses you. Something hits you.
* * * LOW HITPOINT WARNING * * *
Something shocks you.
You die...

#≈≈≈≈≈########## #≈≈∩...(..(....#
## ##### #≈≈≈≈≈.(.......##.#
###.... ##≈≈≈.)...........#
#...... #####.![........# #......
....(......e.≈..#### ##......
.....e<............##.. ##.......
.....#.#'#....e####.##.##........
.....#>.........@{...............
.....###'#.....##......!.........
.............####................
.............. ..............##.
............./ ..................
.(..#######......#. ......
.....?....... #.....#
#.........#. #.........##


You could see Duvessa and Dowan.

Vanquished Creatures
  2 ice beasts
  An orc warrior (D:6)
  A sky beast (D:6)
  A black bear (D:6)
  2 centaurs
  A scorpion (D:6)
  2 howler monkeys
  3 crimson imps
  A centaur zombie (D:5)
  3 hounds
  2 orc priests
  A centaur skeleton (D:4)
  4 orc wizards
  2 iguanas (D:6)
  6 worker ants
  5 gnolls
  A howler monkey skeleton (D:5)
  10 adders
  A shadow imp (D:6)
  6 worms
  A dart slug (D:1)
  5 leopard geckos
  15 orcs
  6 bats
  6 giant cockroaches
  5 goblins
  4 hobgoblins
  13 jackals
  6 quokkas
  4 frilled lizards
  A jackal skeleton (D:7)
  6 kobolds
  A leopard gecko zombie (D:5)
  2 quokka skeletons
  A quokka zombie (D:6)
  6 rats
137 creatures vanquished.

Notes
Turn   | Place    | Note
-------+----------+-------------------------------------------
     0 | D:1      | Folque the Draconian Earth Elementalist began the quest for
                  | the Orb.
     0 | D:1      | Reached XP level 1. HP: 14/14 MP: 3/3
    35 | D:1      | Reached skill level 1 in Fighting
   172 | D:1      | Reached XP level 2. HP: 22/23 MP: 5/5
   966 | D:2      | Learned a level 2 spell: Passwall
  1110 | D:2      | Reached XP level 3. HP: 28/29 MP: 6/6
  1148 | D:2      | Found a glowing silver altar of Zin.
  1166 | D:2      | Learned a level 3 spell: Stone Arrow
  1817 | D:3      | Reached XP level 4. HP: 36/36 MP: 8/8
  2193 | D:3      | Reached skill level 1 in Conjurations
  3245 | D:4      | Reached XP level 5. HP: 17/41 MP: 0/10
  3255 | D:4      | Learned a level 5 spell: Lee's Rapid Deconstruction
  3728 | D:4      | Reached skill level 4 in Earth Magic
  4268 | D:4      | Found Facade Zigas's Magic Scroll Shoppe.
  4292 | D:4      | Bought a scroll of teleportation for 36 gold pieces
  4440 | D:4      | Found a staircase to the Ecumenical Temple.
  4446 | Temple   | Entered the Ecumenical Temple
  4696 | Temple   | Became a worshipper of Sif Muna the Loreminder
  4749 | D:4      | Found Ilufaon's Distillery.
  4790 | D:4      | Reached XP level 6. HP: 46/48 MP: 0/12
  4912 | D:4      | Found a burning altar of Makhleb.
  5049 | D:5      | Entered Level 5 of the Dungeon
  5074 | D:5      | Reached skill level 5 in Earth Magic
  5130 | D:5      | HP: 2/48 [poisoned by a worker ant]
  5138 | D:5      | HP: 2/48 [poisoned by a worker ant]
  5674 | D:5      | Found a radiant altar of Vehumet.
  5711 | D:5      | Noticed an ice beast
  5727 | D:5      | Killed an ice beast
  6090 | D:5      | Your scales start taking on an icy white colour.
  6090 | D:5      | Reached XP level 7. HP: 53/55 MP: 8/14
  6090 | D:5      | Gained mutation: Your flesh is cold resistant. (rC+) [White
                  | Draconian growth]
  6115 | D:5      | Reached * piety under Sif Muna
  6137 | D:5      | Reached skill level 6 in Earth Magic
  6283 | D:5      | Learned a level 4 spell: Petrify
  6557 | D:6      | Reached skill level 5 in Spellcasting
  6772 | D:6      | Found Cazehiy's General Store.
  6863 | D:6      | Reached XP level 8. HP: 48/61 MP: 0/15
  7025 | D:6      | Found an iron altar of Okawaru.
  7066 | D:6      | Reached skill level 7 in Earth Magic
  7317 | D:6      | Found a blossoming altar of Fedhas.
  7419 | D:6      | Found Lysioppi's Distillery.
  7466 | D:6      | Reached ** piety under Sif Muna
  7905 | D:7      | Noticed Dowan
  7906 | D:7      | Noticed Duvessa
  8052 | D:7      | Found Beseig's Distillery.
  8067 | D:7      | HP: 4/94 [crimson imp (3)]
  8092 | D:7      | Slain by a sky beast

Skill      XL: |  1  2  3  4  5  6  7  8 |
---------------+-------------------------+-----
Fighting       | 1 2 3 |  3.1
Spellcasting   | 3 4 5 |  5.0
Conjurations   | 1 2 |  2.0
Earth Magic    | 4 5 6 7 |  7.7
Stealth        | 2 3 |  3.3
Dodging        | 2 3 |  3.4
Transmutations | 2 3 |  3.1

Action                   |  1- 3 |  4- 6 |  7- 9 || total
-------------------------+-------+-------+-------++-------
Melee: Unarmed           |     9 |       |       ||     9
       Dagger            |    98 |   102 |       ||   200
       Tailslap          |    11 |    15 |    11 ||    37
       Short sword       |       |    49 |   109 ||   158
 Cast: Sandblast         |     7 |    41 |    17 ||    65
       Stone Arrow       |       |    33 |    26 ||    59
       Lee's Rapid Decon |       |     2 |     4 ||     6
       Petrify           |       |       |    13 ||    13
 Abil: Breathe Frost     |       |       |     1 ||     1
  Use: Scroll            |     1 |     6 |     3 ||    10
       Potion            |       |       |     5 ||     5
 Stab: Sleeping          |     8 |     6 |     1 ||    15
       Petrified         |       |       |    11 ||    11
  Eat: Chunk             |     3 |    14 |    12 ||    29
       Ration            |       |     1 |       ||     1
Armor: Skin              |    28 |    39 |    42 ||   109
Dodge: Dodged            |    73 |   102 |    93 ||   268
